Map: Catalyst LE

Players

ShoWTimE

  • Race: Protoss Protoss
  • Spawn Location: 11:00

Namshar - Winner!

  • Race: Zerg Zerg
  • Spawn Location: 5:00

Event: WCS Leipzig 2018

VOD

Have the link to the VOD?

Description

Time

  • Played on: Jan. 27, 2018, 5:46 a.m.
  • Length: 4:49

All games in this series

Show
View Real Time Build Order
Export as new Build Order

ShoWTimE Protoss 

Build Orders: 1 Gate Expand, Oracle Opening, Phoenix Opening 

Get SALT Encoding   

  12  0:00  Probe  
  13  0:12  Probe  
  14  0:20  Pylon  
  14  0:24  Probe  
  15  0:38  Probe (Chrono Boost)  
  16  0:45  Gateway  
  16  0:47  Probe (Chrono Boost)  
  16  0:48  Assimilator  
  17  0:52  Probe (Chrono Boost)  
  18  1:04  Probe  
  19  1:16  Probe  
  20  1:25  Nexus  
  20  1:36  Cybernetics Core  
  20  1:39  Probe  
  21  1:45  Assimilator  
  21  1:51  Probe  
  22  1:54  Pylon  
  22  2:03  Probe  
  23  2:11  Adept (Chrono Boost)  
  25  2:16  Probe  
  25  2:18  Stargate  
  26  2:25  Warp Gate  
  26  2:28  Probe  
  27  2:30  Adept (Chrono Boost)  
  29  2:38  Probe  
  29  2:40  Probe  
  31  2:48  Adept  
  31  2:50  Probe  
  34  2:52  Probe  
  35  3:01  Phoenix (Chrono Boost)  
  35  3:03  Probe  
  35  3:04  Probe  
  39  3:09  Pylon  
  39  3:15  Probe  
  39  3:16  Probe  
  41  3:20  Oracle  
  45  3:27  Probe  
  45  3:28  Probe  
  42  3:39  Probe (Chrono Boost)  
  42  3:40  Gateway  
  44  3:41  Gateway  
  44  3:43  Probe (Chrono Boost)  
  44  3:50  Pylon  
  44  3:51  Probe (Chrono Boost)  
  46  3:56  Adept (Chrono Boost), Probe (Chrono Boost)  
  46  3:57  Probe (Chrono Boost)  
  46  3:59  Assimilator  
  49  4:04  Shield Battery  
  49  4:05  Probe x2  
  49  4:08  Shield Battery  
  46  4:19  Pylon  
  46  4:25  Cybernetics Core  
  46  4:30  Zealot  
  46  4:40  Gateway  
Show
View Real Time Build Order
Export as new Build Order

Namshar Zerg - Winner!

Build Orders: Hatch First 

Get SALT Encoding   

  12  0:00  Drone  
  13  0:12  Overlord  
  13  0:17  Drone  
  14  0:30  Drone x2  
  14  0:33  Drone  
  17  0:51  Hatchery  
  17  0:54  Drone  
  17  0:57  Drone  
  17  1:04  Extractor  
  17  1:12  Spawning Pool  
  17  1:15  Drone  
  17  1:19  Drone  
  18  1:27  Drone  
  19  1:38  Overlord  
  19  1:48  Drone  
  20  1:59  Queen  
  20  2:00  Zergling x2  
  23  2:04  Queen  
  23  2:05  Metabolic Boost  
  26  2:08  Zergling x2  
  26  2:14  Drone x2  
  28  2:22  Drone  
  29  2:26  Drone  
  30  2:36  Hatchery  
  29  2:44  Drone  
  29  2:45  Overlord  
  30  2:59  Overlord  
  30  3:01  Zergling x2  
  30  3:02  Zergling x4  
  30  3:03  Evolution Chamber  
  30  3:04  Zergling x2  
  33  3:21  Zergling x2  
  33  3:22  Zergling x12  
  40  3:33  Zergling x2  
  40  3:34  Zergling x2  
  41  3:43  Overlord  
  41  3:46  Zergling x2  
  42  3:54  Zergling x10  
  45  4:09  Zergling x2  
  45  4:10  Zergling x12  
  46  4:25  Drone x3  
  46  4:26  Drone  
  46  4:27  Drone x2  
  53  4:32  Drone x2  
  53  4:34  Drone  
  53  4:36  Drone  
Tags
 
Add a new tag
Caveats
  • Supply blocks, unpowered buildings, or Contaminate may cause inaccurate times.
  • Supply counts are checked every 10 seconds.